 Dungeon Crawl Stone Soup version 0.31-a0-1074-g0b22e4e0f1 (webtiles) character file.

Game seed: 12420419484607930203

424 Dittersdorf the Covered (level 6, -2/40 HPs)
             Began as a Gargoyle Fighter on Nov 29, 2023.
             Slain by an iguana (10 damage)
             ... on level 4 of the Dungeon.
             The game lasted 00:03:50 (3092 turns).

Dittersdorf the Covered (Gargoyle Fighter)          Turns: 3092, Time: 00:03:51

Health: -2/40      AC: 15    Str: 22    XL:     6   Next: 96%
Magic:  6/6        EV:  8    Int:  8    God:
Gold:   158        SH:  9    Dex:  9    Spells: 5/5 levels left

rFire   . . .        a - +0 flail
rCold   . . .        c - +0 buckler
rNeg    + . .        r - +0 chain mail
rPois   ∞            (no helmet)
rElec   +            v - +0 cloak
rCorr   .            (no gloves)
SInv    .            (no boots)
Will    +....        t - amulet of reflection Stlth
                     g - ring of willpower
HPRegen 0.26/turn    (no ring)
MPRegen 0.10/turn

%: reflection
@: no status effects
A: sickness immunity, AC +4, negative energy resistance 1, electricity
resistance, torment resistance 1, petrification resistance
a: no special abilities


You were on level 4 of the Dungeon.
You visited 1 branch of the dungeon, and saw 4 of its levels.

You collected 158 gold pieces.

Inventory:

Hand Weapons
 a - a +0 flail (weapon)
Armour
 c - a +0 buckler (worn)
 r - a +0 chain mail (worn)
 v - a +0 cloak (worn)
Jewellery
 g - a ring of willpower (left hand)
 t - an amulet of reflection (around neck)
Wands
 u - a wand of flame (28) (quivered)
Scrolls
 b - a scroll of identify {unknown}
 e - 2 scrolls of fear {unknown}
 f - 2 scrolls of teleportation {unknown}
 k - a scroll of enchant armour {unknown}
 l - a scroll of immolation {unknown}
 p - a scroll of noise {unknown}
Potions
 d - 2 potions of might
 h - a potion of attraction {unknown}
 i - a potion of invisibility {unknown}
 m - 2 potions of curing {unknown}
 n - 5 potions of heal wounds {unknown}
 o - a potion of degeneration {unknown}
 q - a potion of brilliance {unknown}
 s - 3 potions of ambrosia {unknown}


   Skills:
 + Level 5.0 Fighting
 + Level 4.0 Maces & Flails
 + Level 5.0 Armour
 + Level 5.0 Shields


You had 5 spell levels left.
You didn't know any spells.
Your spell library contained the following spells:

 Spells                   Type           Power      Damage    Failure   Level
 Static Discharge         Conj/Air       0%         3-3/arc   99%         2
 Ozocubu's Armour         Ice            0%         N/A       100%        3
 Airstrike                Air            0%         2d(0-16)  100%        4
 Summon Lightning Spire   Summ/Air       0%         N/A       100%        4
 Ozocubu's Refrigeration  Ice            0%         4d7       100%        7


Dungeon Overview and Level Annotations

Branches:
Dungeon (4/15)
 Temple: D:4-7

Altars:
Ashenzari
Elyvilon


Innate Abilities, Weirdness & Mutations

You are immune to sickness and miasma.
Your stone body is resilient. (AC +4)
You are immune to poison.
You resist negative energy. (rN+)
You are resistant to electric shocks. (rElec)
You are resistant to unholy torment.
You are immune to petrification.


Message History

You sock the iguana!
The iguana is almost dead.
The iguana bites you.
You barely miss the iguana.
The iguana is almost dead.
You block the iguana's attack.
Aiming: Throw Flame
Press: ? - help, Q - select action Shift-Dir - straight line, f - iguana
Aim: an iguana (72% to hit)
The puff of flame hits the iguana.
The iguana is almost dead.
You block the iguana's attack.
You sock the iguana!
You kill the iguana!
Your Fighting skill increases to level 5!
Your Maces & Flails skill increases to level 4!
Your Armour skill increases to level 5!
Your Shields skill increases to level 5!
You hit the orc but do no damage. You block the orc's attack.
Aiming: Throw Flame
Press: ? - help, Q - select action Shift-Dir - straight line, f/p - iguana
Aim: an iguana (72% to hit)
The puff of flame hits the orc!
You kill the orc!
You completely miss the iguana.
The iguana bites you but does no damage.
The iguana bites you.
* * * LOW HITPOINT WARNING * * *
You barely miss the iguana. The iguana closely misses you.
You sock the iguana!
The iguana is severely wounded.
The iguana bites you but does no damage.
You barely miss the iguana.
The iguana is severely wounded.
The iguana bites you.
* * * LOW HITPOINT WARNING * * *
You hit the iguana but do no damage.
The iguana is severely wounded.
You block the iguana's attack. The iguana bites you!
You die...

.!##############.
.................
#......).........
$....#)########.
#.. #..l@....# .
########.#


You could see an iguana.

Vanquished Creatures
  A scorpion (D:4)
  A hound (D:3)
  An orc priest (D:3)
  Terence (D:3)
  Crazy Yiuf (D:3)
  Jessica (D:2)
  2 iguanas
  6 adders
  2 worms
  2 dart slugs (D:1)
  15 orcs
  8 endoplasms
  5 giant cockroaches
  8 goblins
  9 hobgoblins
  5 jackals
  4 quokkas
  7 ball pythons
  A bat (D:2)
  3 frilled lizards
  6 kobolds
  12 rats
101 creatures vanquished.

Notes
Turn   | Place    | Note
-------+----------+-------------------------------------------
     0 | D:1      | Dittersdorf the Gargoyle Fighter began the quest for the
                  | Orb.
     0 | D:1      | Reached XP level 1. HP: 14/14 MP: 1/1
    94 | D:1      | Reached XP level 2. HP: 19/19 MP: 2/2
   249 | D:1      | Reached XP level 3. HP: 23/23 MP: 3/3
  1120 | D:2      | Noticed Jessica
  1141 | D:2      | Killed Jessica
  1142 | D:2      | Reached XP level 4. HP: 26/29 MP: 4/4
  1489 | D:2      | Found a faded altar of an unknown god.
  1912 | D:3      | Reached XP level 5. HP: 28/33 MP: 5/5
  2121 | D:3      | Noticed Terence
  2229 | D:3      | Reached XP level 6. HP: 18/39 MP: 6/6
  2397 | D:3      | Found a runed translucent door.
  2398 | D:3      | Noticed Crazy Yiuf
  2644 | D:3      | Killed Terence
  2712 | D:3      | Found a broken altar of Ashenzari.
  2712 | D:3      | Found a white marble altar of Elyvilon.
  2839 | D:3      | Killed Crazy Yiuf
  3086 | D:4      | Reached skill level 5 in Fighting
  3086 | D:4      | Reached skill level 5 in Armour
  3086 | D:4      | Reached skill level 5 in Shields
  3092 | D:4      | Slain by an iguana

Illustrated notes

Levels and vault maps discovered:
D:1:      amcnicky_arrival_blooded_trapdoor, layout_basic, chequers_mini_garden
D:2:      minmay_recursive_quarters, layout_loops_ring,
          hellmonk_ecumenical_altar_run_dry, serial_glass, glass_columns_a,
          glass_columns_b, minmay_misc_feat_more_columns, uniq_jessica
D:3:      layout_basic, mainiacjoe_overflow_divided_tiny,
          minmay_divided_ellipse, uniq_crazy_yiuf_cottage, uniq_terence
D:4:      layout_basic, fedhas_altar_decomposition, minivault_27

Skill      XL: |  1  2  3  4  5  6 |
---------------+-------------------+-----
Fighting       | 4 5 |  5.0
Armour         | 4 5 |  5.0
Shields        | 4 5 |  5.0
Maces & Flails | 3 4 |  4.0

Action                     |  1- 3 |  4- 6 || total
---------------------------+-------+-------++-------
  Melee: Flail             |   107 |   258 ||   365
  Throw: Dart              |       |     7 ||     7
  Evoke: Wand              |       |     2 ||     2
 Armour: Scale mail        |    76 |    11 ||    87
         Chain mail        |       |   193 ||   193
  Dodge: Dodged            |    51 |    95 ||   146
  Block: Buckler           |     8 |    95 ||   103

Table legend: (Time is in decaauts)
 A = Elapsed time spent in this place.
 B = Non-inter-level travel time spent in this place.
 C = Inter-level travel time spent in this place.
 D = Time resting spent in this place.
 E = Time spent auto-exploring this place.
 F = Levels seen in this place.
 G = Mean time per level.
                   A        B        C        D        E       F      G
               +--------+--------+--------+--------+--------+-----+--------+
         Total |   3192 |   2936 |    256 |    239 |   1952 |   4 |  798.0 |
       Dungeon |   3192 |   2936 |    256 |    239 |   1952 |   4 |  798.0 |
               +--------+--------+--------+--------+--------+-----+--------+

Top non-repeatable levels by time:
     D:3: 1227 daAuts
     D:2: 955 daAuts
     D:1: 894 daAuts
     D:4: 115 daAuts
